 Dungeon Crawl Stone Soup version 0.29-a0-22-gbf593b16ee (webtiles) character file.

Game seed: 3074398327718308839

1250 southernslant the Slasher (level 8, -3/48 HPs)
             Began as a Gargoyle Fighter on Jan 30, 2022.
             Was an Initiate of Makhleb.
             Slain by an orc warrior (14 damage)
             ... on level 8 of the Dungeon.
             The game lasted 00:10:07 (3961 turns).

southernslant the Slasher (Gargoyle Fighter)        Turns: 3961, Time: 00:10:08

Health: -3/48      AC: 17    Str: 27    XL:     8   Next: 50%
Magic:  9/9        EV: 11    Int: 12    God:    Makhleb [......]
Gold:   211        SH:  0    Dex: 13    Spells: 8/8 levels left

rFire   + . .      SeeInvis .   h - +3 triple sword "Zuruewn" {speed, *Rage Will+ Str+8 Dex+2}
rCold   + . .      Faith    .   (shield currently unavailable)
rNeg    + . .      Spirit   .   b - +0 scale mail
rPois   ∞          Reflect  .   (no helmet)
rElec   +          Harm     .   s - scarf {rC+ rF+}
rCorr   .          Rampage  .   i - +2 pair of gloves of Nestru Olal {Regen+ Int+2}
Will    .....      Rage     20% n - +0 pair of boots
Stlth   +.........              (no amulet)
HPRegen 0.96/turn               (no ring)
MPRegen 0.11/turn               (no ring)

@: about to teleport, weak-willed
A: sickness immunity, AC +5, negative energy resistance 1, electricity
resistance, torment resistance 1, petrification resistance
a: Renounce Religion


You were on level 8 of the Dungeon.
You worshipped Makhleb.
Makhleb was noncommittal.
You visited 2 branches of the dungeon, and saw 7 of its levels.
You also visited: Sewer.

You collected 211 gold pieces.

Inventory:

Hand Weapons
 a - a +0 trident
 h - the +3 triple sword "Zuruewn" (weapon) {speed, *Rage Will+ Str+8 Dex+2}
   (You found it on level 2 of the Dungeon)

   Attacks with this weapon are significantly faster.
   Str:       It affects your strength (+8).
   Dex:       It affects your dexterity (+2).
   *Rage:     It berserks you when you make melee attacks (+20% chance).
   Will:      It increases your willpower.
Missiles
 g - 154 stones (quivered)
 j - 4 poisoned darts
Armour
 b - a +0 scale mail (worn)
 c - a +0 buckler
 i - the +2 pair of gloves of Nestru Olal (worn) {Regen+ Int+2}
   (You found it on level 2 of the Dungeon)

   Int:       It affects your intelligence (+2).
   Regen:     It increases your rate of health regeneration.
 n - a +0 pair of boots (worn)
 s - a scarf of resistance (worn)
Jewellery
 r - a +4 ring of slaying
 x - an amulet of the acrobat
Wands
 p - a wand of flame (31)
Scrolls
 e - 2 scrolls of noise
 f - a scroll of identify
 k - a scroll of vulnerability
 u - a scroll of fog {unknown}
 v - a scroll of teleportation
 w - a scroll of enchant armour {unknown}
 y - a scroll of blinking {unknown}
Potions
 d - a potion of might
 l - a potion of lignification {unknown}
 m - a potion of berserk rage {unknown}
 o - a potion of haste {unknown}
 t - a potion of magic


   Skills:
 + Level 4.6 Fighting
 * Level 5.5 Long Blades
 - Level 2.0 Polearms
 - Level 0.5 Throwing
 * Level 5.4 Armour
 * Level 3.1 Dodging
 + Level 3.0 Stealth
 - Level 3.6 Shields
 + Level 0.5 Spellcasting
 * Level 1.4 Invocations
 + Level 0.7 Evocations


You had 8 spell levels left.
You didn't know any spells.
Your spell library contained the following spells:

 Spells                   Type           Power      Damage    Failure   Level
 Conjure Flame            Conj/Fire      0%         6-21      90%         3
 Ignite Poison            Fire/Tmut/Pois 0%         N/A       90%         3
 Sticky Flame             Conj/Fire      0%         2d3       100%        4


Dungeon Overview and Level Annotations

Branches:
Dungeon (5/15)             Temple (1/1) D:4           Sewer (visited)

Altars:
Ashenzari
Cheibriados
Dithmenos
Elyvilon
Fedhas
Gozag
Hepliaklqana
Kikubaaqudgha
Makhleb
Nemelex Xobeh
Okawaru
Qazlal
Ru
Sif Muna
Trog
Uskayaw
Vehumet
Wu Jian
Xom
Yredelemnul
Zin
The Shining One

Shops:
D:1 [

Annotations:
D:8 1 transporter


Innate Abilities, Weirdness & Mutations

You are immune to sickness and miasma.
Your stone body is resilient. (AC +5)
You are immune to poison.
You resist negative energy. (rN+)
You are resistant to electric shocks. (rElec)
You are resistant to unholy torment.
You are immune to petrification.


Message History

The orc warrior is almost dead.
You hear a shout!
The killer bee barely misses you.
The killer bee stings you but does no damage.
The orc warrior hits you with a +0 mace.
* * * LOW HITPOINT WARNING * * *
It was a potion of magic.
Magic courses through your body. The killer bee closely misses you.
The killer bee stings you.
* * * LOW HITPOINT WARNING * * *
The orc warrior hits you with a +0 mace!
* * * LOW HITPOINT WARNING * * *
It was a potion of curing.
You feel better. The killer bee closely misses you.
The killer bee barely misses you.
The orc warrior hits you but does no damage.
As you read the scroll labelled YKUSE TECHICA, it crumbles to dust.
Magic quickly surges around you.
It was a scroll of vulnerability.
The killer bee stings you.
* * * LOW HITPOINT WARNING * * *
The killer bee stings you but does no damage.
The orc warrior hits you with a +0 mace.
* * * LOW HITPOINT WARNING * * *
As you read the scroll labelled HOCRYA ZEGATZIOX, it crumbles to dust.
It is a scroll of identify.
e - 2 scrolls of noise The killer bee stings you.
* * * LOW HITPOINT WARNING * * *
The killer bee closely misses you.
The orc warrior hits you with a +0 mace.
* * * LOW HITPOINT WARNING * * *
A centaur comes into view.
As you read the scroll labelled RERPHE ECHIE, it crumbles to dust.
You feel strangely unstable.
It was a scroll of teleportation.
The killer bee stings you but does no damage.
The killer bee stings you.
* * * LOW HITPOINT WARNING * * *
The orc warrior hits you but does no damage.
You feel better. The killer bee closely misses you.
The killer bee stings you but does no damage.
The orc warrior hits you with a +0 mace!
You die...

#.......###.###..#.#.#
#....[..##....#..#.#.##
.#######..#..#.####.#...
.. ##.#..#... #.#... ...
#....# .^.#.##.. ....
##...# ...#..... .....
#...# ..######
......####...# ###
.....oo@yyc..#
......#####.># .....
##.# ...# .# .. .# . .#


You could see an orc warrior (weak-willed), a centaur, 2 killer bees and an orc
priest (weak-willed).

Vanquished Creatures
  Grinder (D:3)
  Sigmund (D:3)
  A steam dragon (D:8)
  A water moccasin (Sewer)
  2 ice beasts
  A black bear (D:5)
  A water moccasin skeleton (D:5)
  A hound (D:4)
  An orc priest (D:8)
  Jessica (D:3)
  Natasha (D:3)
  Terence (D:3)
  3 orc wizards
  2 hound skeletons (D:4)
  4 adders
  An ufetubus (D:4)
  An adder skeleton (D:4)
  3 dart slugs
  4 orcs
  4 ball pythons (D:1)
  5 bats
  7 endoplasms
  6 giant cockroaches
  5 goblins
  7 hobgoblins
  A jackal (Sewer)
  2 quokkas
  4 frilled lizards
  5 kobolds
  6 rats
83 creatures vanquished.

Notes
Turn   | Place    | Note
-------+----------+-------------------------------------------
     0 | D:1      | southernslant the Gargoyle Fighter began the quest for the
                  | Orb.
     0 | D:1      | Reached XP level 1. HP: 14/14 MP: 1/1
    48 | D:1      | Found Ceor's Antique Armour Boutique.
   122 | D:1      | Reached XP level 2. HP: 17/19 MP: 2/2
   514 | D:1      | Reached XP level 3. HP: 23/23 MP: 3/3
   604 | D:1      | Found a faded altar of an unknown god.
   970 | D:2      | Reached skill level 1 in Dodging
  1293 | D:2      | Identified the +3 triple sword "Zuruewn" {speed, *Rage
                  | Will+ Str+8 Dex+2}
  1398 | D:2      | Reached XP level 4. HP: 29/29 MP: 4/4
  1406 | D:2      | Identified the +2 pair of gloves of Nestru Olal {Regen+
                  | Int+2}
  1646 | D:2      | Reached skill level 1 in Long Blades
  1972 | D:3      | Noticed Terence
  1972 | D:3      | Noticed Grinder
  1984 | D:3      | Killed Grinder
  1985 | D:3      | Reached XP level 5. HP: 33/33 MP: 5/5
  1985 | D:3      | Reached XP level 6. HP: 38/38 MP: 6/6
  1985 | D:3      | Killed Terence
  2046 | D:3      | Reached skill level 1 in Stealth
  2195 | D:3      | Noticed Jessica
  2204 | D:3      | Killed Jessica
  2266 | D:3      | Noticed Natasha
  2275 | D:3      | Killed Natasha
  2362 | D:3      | Noticed Sigmund
  2366 | D:3      | Killed Sigmund
  2367 | D:3      | Reached XP level 7. HP: 40/43 MP: 7/7
  2731 | D:4      | Found a glowing drain.
  2767 | Sewer    | Entered a sewer
  3006 | D:4      | Found an ornate altar of the Wu Jian Council.
  3088 | D:4      | Reached skill level 5 in Long Blades
  3189 | D:4      | Found a staircase to the Ecumenical Temple.
  3207 | Temple   | Entered the Ecumenical Temple
  3379 | Temple   | Became a worshipper of Makhleb the Destroyer
  3646 | D:5      | Entered Level 5 of the Dungeon
  3770 | D:5      | Reached XP level 8. HP: 48/48 MP: 8/8
  3838 | D:5      | Reached skill level 5 in Armour
  3869 | D:5      | You fall into a shaft and drop 3 floors!
  3902 | D:8      | Reached skill level 1 in Invocations
  3915 | D:8      | Found a transporter.
  3956 | D:8      | HP: 2/48 [orc warrior (7)]
  3961 | D:8      | Slain by an orc warrior

Illustrated notes

Levels and vault maps discovered:
D:1:      amcnicky_arrival_single_pillar, layout_loops_cross, serial_shops,
          nicolae_shop_competitors_out_of_business,
          ebering_ecumenical_altar_rust
D:2:      layout_loops_cross, minmay_octomino_j4
D:3:      layout_basic, uniq_grinder, uniq_natasha, uniq_sigmund, uniq_jessica,
          uniq_terence
D:4:      layout_basic, mainiacjoe_overflow_six_doors_small,
          minmay_temple_entry_slanted, gup_sewer_entry_glass,
          amcnicky_mini_corridor_feature
D:5:      layout_basic, serial_shops, shop, gammafunk_ghost_grave
D:8:      gammafunk_cloud_chamber, layout_basic, lemuel_flame_loot_1, uniq_grum,
          uniq_harold
Temple:   minmay_crystal_snake_temple

Skill      XL: |  1  2  3  4  5  6  7  8 |
---------------+-------------------------+-----
Polearms       | 2 |  2.0
Dodging        | 1 2 3 |  3.1
Long Blades    | 4 5 |  5.5
Stealth        | 1 2 3 |  3.0
Fighting       | 4 |  4.6
Armour         | 4 5 |  5.4
Invocations    | 1 |  1.4
Throwing       | |  0.5
Shields        | |  3.6
Spellcasting   | |  0.5
Evocations     | |  0.7

Action                   |  1- 3 |  4- 6 |  7- 9 || total
-------------------------+-------+-------+-------++-------
Melee: Trident           |   105 |       |       ||   105
       Triple sword      |     7 |    42 |    87 ||   136
Throw: Stone             |       |     2 |       ||     2
  Use: Scroll            |       |       |     3 ||     3
       Potion            |       |       |     3 ||     3
Armor: Scale mail        |    38 |    25 |    52 ||   115
Dodge: Dodged            |    43 |    22 |    44 ||   109
Block: Buckler           |    21 |       |       ||    21

Table legend: (Time is in decaauts)
 A = Elapsed time spent in this place.
 B = Non-inter-level travel time spent in this place.
 C = Inter-level travel time spent in this place.
 D = Time resting spent in this place.
 E = Time spent auto-exploring this place.
 F = Levels seen in this place.
 G = Mean time per level.
                   A        B        C        D        E       F      G
               +--------+--------+--------+--------+--------+-----+--------+
         Total |   4176 |   4059 |    117 |      5 |   3230 |   8 |  522.0 |
       Dungeon |   3854 |   3737 |    117 |      5 |   2987 |   6 |  642.3 |
        Temple |    190 |    190 |      0 |      0 |    160 |   1 |  190.0 |
         Sewer |    131 |    131 |      0 |      0 |     83 |   1 |  131.0 |
               +--------+--------+--------+--------+--------+-----+--------+

Top non-repeatable levels by time:
     D:1: 960 daAuts
     D:2: 941 daAuts
     D:3: 919 daAuts
     D:4: 701 daAuts
     D:5: 232 daAuts
  Temple: 190 daAuts
   Sewer: 131 daAuts
     D:8: 98 daAuts
